 Dungeon Crawl Stone Soup version 0.17-a0-1475-g9f81d98 (webtiles) character file.

142 mrath the Chucker (level 5, -2/49 HPs)
             Began as an Ogre Arcane Marksman on July 3, 2015.
             Slain by a river rat (4 damage)
             ... on level 4 of the Dungeon.
             The game lasted 00:35:56 (2929 turns).

mrath the Chucker (Ogre Arcane Marksman)            Turns: 2929, Time: 00:35:57

Health: -2/49      AC:  4    Str: 16 (17) XL:     5   Next: 25%
Magic:  6/6        EV: 10    Int: 12      God:
Gold:   122        SH:  0    Dex:  8 (9)  Spells: 1 memorised, 5 levels left

rFire  + . .     SeeInvis .     h - +0 club
rCold  . . .     Clarity  .     c - +0 robe
rNeg   . . .     SustAt   .     (no shield)
rPois  .         Gourm    .     (helmet restricted)
rElec  .         Spirit   .     (no cloak)
rCorr  .         Warding  .     (gloves unavailable)
rMut   .         Stasis   .     (boots unavailable)
MR     .....                    (no amulet)
Stlth  +.........               (no ring)
                                w - ring of protection from fire

@: not resistant to hostile enchantments, very unstealthy
A: unfitting armour, deterioration 1, low mp 1, shaggy fur 1, tough skin 1
a: no special abilities


You were on level 4 of the Dungeon.
You were not hungry.

You visited 1 branch of the dungeon, and saw 4 of its levels.

You collected 122 gold pieces.

Inventory:

Hand weapons
 h - a +0 club (weapon)
 l - a +0 short sword
 q - a +2 dagger of freezing
 A - a +0 hunting sling
 B - a +0 blowgun
Missiles
 a - a large rock (quivered)
 i - 148 stones
 s - 80 arrows
 v - 38 poisoned needles
Armour
 c - a +0 robe (worn)
 m - a +0 robe
 o - a +0 robe
 t - a +0 robe
 x - a +0 animal skin
Jewellery
 w - a ring of protection from fire (left hand)
Magical devices
 y - a wand of fire (7)
Scrolls
 b - a scroll of fog {unknown}
 g - a scroll of fear
 z - a scroll of remove curse
Potions
 k - 4 potions of haste
Books
 d - a book of Debilitation

   Spells                             Type                      Level
   a - Corona                         Hexes                        1
   b - Slow                           Hexes                        2
   c - Gell's Gravitas                Hexes/Translocation          3
   d - Inner Flame                    Hexes/Fire                   3
   e - Cause Fear                     Hexes                        4
   f - Leda's Liquefaction            Hexes/Earth                  4
Comestibles
 e - 3 bread rations
 f - 2 chunks of flesh
 j - a beef jerky
 n - 2 meat rations
 p - 4 fruits


   Skills:
 + Level 2.2 Fighting
 + Level 1.3 Maces & Flails
 + Level 3.4 Throwing
 + Level 3.4 Dodging
 + Level 0.5 Stealth
 + Level 1.2 Spellcasting
 + Level 2.4 Hexes


You had 5 spell levels left.
You knew the following spells:

 Your Spells              Type           Power        Failure   Level  Hunger
a - Corona                Hex            #......      12%         1    ##.....


Dungeon Overview and Level Annotations

Branches:
Dungeon (4/15)
 Temple: D:4-7

Altars:
Fedhas
Trog

Portals:
Sewer: D:4


Innate Abilities, Weirdness & Mutations

You are too large for most types of armour.
You have tough skin (AC +1).
Your body sometimes deteriorates upon taking damage.
Your magical capacity is low (-10% MP).
You are covered in fur (AC +1).


Message History

Aim: a river rat You throw a large rock.
The large rock closely misses the river rat.
You hit the river rat but do no damage. The river rat bites you.
* * * LOW HITPOINT WARNING * * *
Your body deteriorates!
You feel clumsy.
You closely miss the river rat. The river rat closely misses you.
The river rat closely misses you.
It was a potion of magic.
Magic courses through your body. The river rat bites you.
* * * LOW HITPOINT WARNING * * *
You closely miss the river rat. The river rat barely misses you.
You hit the river rat.
The river rat is lightly wounded.
The river rat bites you.
* * * LOW HITPOINT WARNING * * *
You closely miss the river rat.
The river rat is lightly wounded.
The river rat bites you.
You die...

.# .. ##.# ...
###..# ...####
....# ....#.. ...
...... #.# #....
#@# #....###r##
##.....##..####
##.........(...##
.
........######..#
.
#####...#≈≈≈≈#..#
#...#≈≈≈≈#..#
##...#r∩≈≈#..#
####....#≈≈≈≈#..#


You could see a river rat.

Vanquished Creatures
  A hound (D:4)
  3 adders
  An adder skeleton (D:4)
  3 worms
  2 giant geckos
  8 bats
  8 goblins
  9 hobgoblins
  7 jackals
  10 kobolds
  4 ball pythons
  4 giant cockroaches
  2 giant newts
  7 rats
69 creatures vanquished.

Notes
Turn   | Place    | Note
--------------------------------------------------------------
     0 | D:1      | mrath the Ogre Arcane Marksman began the quest for the Orb.
     0 | D:1      | Reached XP level 1. HP: 19/19 MP: 2/2
   401 | D:1      | Reached XP level 2. HP: 22/27 MP: 3/3
  1057 | D:2      | Reached XP level 3. HP: 26/35 MP: 4/4
  1348 | D:2      | Gained mutation: You are covered in fur (AC +1). [potion of mutation]
  1348 | D:2      | Gained mutation: Your magical capacity is low (-10% MP). [potion of mutation]
  1348 | D:2      | Gained mutation: Your body sometimes deteriorates upon taking damage. [potion of mutation]
  1827 | D:3      | Reached XP level 4. HP: 42/42 MP: 5/5
  2027 | D:3      | Found a bloodstained altar of Trog.
  2272 | D:3      | Found a blossoming altar of Fedhas.
  2306 | D:3      | Reached skill level 3 in Dodging
  2325 | D:3      | Reached skill level 1 in Maces & Flails
  2649 | D:4      | Reached XP level 5. HP: 46/49 MP: 6/6
  2728 | D:4      | Found a glowing drain.
  2928 | D:4      | HP: 2/49 [river rat (1)]
  2929 | D:4      | Slain by a river rat

Vault maps used:
D:1:      dpeg_arrival_stonehenge_8_columns
D:3:      bloody_trog, lemuel_crystal_altar, first_bread
D:4:      portal_sewer_entry_c, uniq_duvessa, uniq_eustachio

Action                   |  1- 3 |  4- 6 || total
-------------------------+-------+-------++-------
Melee: Unarmed           |    18 |       ||    18
       Club              |   121 |    87 ||   208
Throw: Large rock        |    40 |    34 ||    74
       Throwing net      |     3 |     1 ||     4
  Use: Scroll            |     6 |     4 ||    10
       Potion            |     2 |     1 ||     3
  Eat: Chunk             |     3 |     1 ||     4
       Pizza             |       |     1 ||     1
       Beef jerky        |       |     1 ||     1
